AoeStats
← Maikol29

Black Forest

506973461Analyzed
3v3 RM · 18d ago on Sep 16, 2026· 38m 27s· 6 players
Game mode
Random Map
Map size
Normal (6 player)
Population
200
Speed
Normal
Resources
Standard
Victory
Conquest
Starting age
Dark Age
Ending age
Imperial Age
RankedLock teamsTeams togetherTeam positionsShared explorationLock speedFull tech treeHidden civsTurbo modeCheats
Victory
Defeat
🇲🇽 Teutons · Mexico
837
+15
🇺🇸 Japanese · United States
831
+16
🇲🇽 Khmer · Mexico
830
+16
🇨🇴 Bohemians · Colombia
900
-19
🇨🇴 Lithuanians · Colombia
818
-15
🇨🇴 Vietnamese · Colombia
757
-13
OMAR101226
0:49 Loom
14:40 Feudal Age
15:34 Double-Bit Axe
15:37 Horse Collar
22:17 Castle Age
23:26 Light Cavalry
26:28 Bow Saw
26:19 Heavy Plow
31:16 Chemistry
30:36 Ballistics
34:48 Imperial Age
35:35 Wheelbarrow
34:45 Town Watch
34:50 Pikeman
35:30 Squires
35:16 Arson
35:40 Halberdier
Franz Rupersky
2:06 Loom
11:55 Feudal Age
16:02 Wheelbarrow
16:41 Double-Bit Axe
21:48 Town Watch
22:27 Fletching
22:38 Padded Archer Armor
26:14 Castle Age
27:27 Bow Saw
26:40 Crossbowman
27:22 Bodkin Arrow
29:25 Stone Mining
29:27 Gold Mining
30:04 Leather Archer Armor
31:11 Thumb Ring
37:48 Ballistics
TioMakario
8:39 Loom
11:37 Feudal Age
11:49 Man-at-Arms
22:11 Bloodlines
28:00 Castle Age
27:50 Double-Bit Axe
32:45 Hill Forts
Figueroa
4:21 Loom
12:15 Feudal Age
17:38 Castle Age
15:41 Double-Bit Axe
17:14 Bloodlines
16:49 Horse Collar
19:03 Husbandry
22:07 Bow Saw
24:13 Stone Mining
27:39 Heavy Plow
28:12 Ballistics
34:07 Imperial Age
32:56 Wheelbarrow
32:08 Town Watch
34:30 Scale Barding Armor
38:45 Chemistry
37:51 Siege Engineers
JFAR
8:39 Loom
10:24 Feudal Age
10:56 Man-at-Arms
11:24 Arson
13:50 Double-Bit Axe
17:58 Fletching
24:04 Castle Age
24:22 Forging
24:44 Bodkin Arrow
29:31 Iron Casting
28:57 Scale Mail Armor
30:23 Wheelbarrow
30:07 Yasama
32:33 Guard Tower
33:01 Chain Mail Armor
35:46 Pikeman
36:26 Squires
Maikol29
1:31 Loom
15:22 Feudal Age
16:41 Wheelbarrow
15:54 Horse Collar
16:16 Man-at-Arms
17:36 Double-Bit Axe
20:19 Fletching
21:46 Forging
21:43 Scale Barding Armor
22:04 Bloodlines
24:49 Castle Age
25:45 Hand Cart
25:44 Elite Skirmisher
26:35 Bodkin Arrow
27:02 Bow Saw
31:32 Hand Cart
32:39 Heavy Plow
35:26 Fortified Wall
35:38 Ballistics
Connection lost

Rejoining the realm…

Still unreachable

The connection could not be restored.

Session expired

The server has moved on; the page needs a fresh start.